 Dungeon Crawl Stone Soup version 0.28-a0-533-g9f97627e2a (webtiles) character file.

Game seed: 6106912603615313061

33650 Gargoyl the Fighter (level 13, -2/105 HPs)
             Began as a Gnoll Abyssal Knight on Sept 25, 2021.
             Was a Priest of Lugonu.
             Slain by a tyrant leech (24 damage)
             ... on level 6 of the Lair of Beasts.
             The game lasted 00:30:42 (21238 turns).

Gargoyl the Fighter (Gnoll Abyssal Knight)         Turns: 21238, Time: 00:30:42

Health: -2/105     AC: 22    Str: 16    XL:     13   Next: 72%
Magic:  25/25      EV: 10    Int: 10    God:    Lugonu [***...]
Gold:   1032       SH:  0    Dex: 12    Spells: 29/29 levels left

rFire   + . .      SeeInvis .   y - +7 pair of quick blades "Gyre" and "Gimble" {protect}
rCold   + . .      Faith    .   (shield currently unavailable)
rNeg    + . .      Spirit   .   m - +0 chain mail {rC+}
rPois   .          Reflect  .   A - +2 hat
rElec   .          Harm     .   (no cloak)
rCorr   .          Rampage  .   l - +2 pair of gloves
Will    +....                   c - +2 pair of boots
Stlth   +.........              (no amulet)
HPRegen 0.27/turn               w - ring of willpower
MPRegen 0.19/turn               C - ring of positive energy

@: slowed, very slow
A: fangs 1, strong nose, distributed training, antennae 1, iridescent scales 1,
clumsy 1, fire resistance 1, no potion heal 1
a: Renounce Religion, Depart the Abyss, Bend Space, Banish


You were on level 6 of the Lair of Beasts.
You worshipped Lugonu.
Lugonu was most pleased with you.
You visited 2 branches of the dungeon, and saw 14 of its levels.
You visited the Abyss 2 times.
You also visited: Sewer.

You collected 1227 gold pieces.
You spent 195 gold pieces at shops.

Inventory:

Hand Weapons
 a - a +4 hand axe
 b - a +2 halberd of venom
 h - a +4 scimitar of flaming
 u - a +1 falchion of electrocution
 y - the +7 pair of quick blades "Gyre" and "Gimble" (weapon) {protect}
   (You found it on level 8 of the Dungeon)

   It grants its wielder temporary protection when it strikes (+7 to AC).
Missiles
 i - 63 poisoned darts (quivered)
 j - 6 throwing nets
Armour
 c - a +2 pair of boots (worn)
 e - a +2 helmet of intelligence
 l - a +2 pair of gloves (worn)
 m - a +0 chain mail of cold resistance (worn)
 A - a +2 hat (worn)
 J - a +0 buckler of reflection
Jewellery
 q - an amulet of regeneration
 w - a ring of willpower (left hand)
 B - an amulet of reflection
 C - a ring of positive energy (right hand)
Wands
 g - a wand of acid (6)
 r - a wand of flame (51)
 s - a wand of digging (4)
 x - a wand of iceblast (4)
 z - a wand of charming (14)
 F - a wand of polymorph (10)
 H - a wand of mindburst (15)
Scrolls
 f - 6 scrolls of teleportation
 k - a scroll of fear
 v - a scroll of summoning
 D - a scroll of fog
 G - a scroll of identify
Potions
 d - 6 potions of curing
 n - 2 potions of heal wounds
 o - 2 potions of haste
 p - 4 potions of cancellation
 t - 4 potions of flight
 E - a potion of mutation
 I - a potion of brilliance


   Skills:
 + Level 10.8 Fighting
 + Level 8.5 Short Blades
 + Level 8.5 Long Blades
 + Level 9.7 Axes
 + Level 8.5 Maces & Flails
 + Level 8.5 Polearms
 + Level 8.5 Staves
 + Level 8.5 Slings
 + Level 8.5 Bows
 + Level 8.5 Crossbows
 + Level 8.5 Throwing
 + Level 9.7 Armour
 + Level 9.0 Dodging
 + Level 8.5 Stealth
 + Level 8.5 Shields
 + Level 8.5 Unarmed Combat
 + Level 8.5 Spellcasting
 + Level 7.1 Conjurations
 + Level 7.1 Hexes
 + Level 7.1 Summonings
 + Level 7.1 Necromancy
 + Level 7.1 Translocations
 + Level 7.1 Transmutations
 + Level 7.1 Fire Magic
 + Level 7.1 Ice Magic
 + Level 7.1 Air Magic
 + Level 7.1 Earth Magic
 + Level 7.1 Poison Magic
 + Level 10.4 Invocations
 + Level 8.5 Evocations


You had 29 spell levels left.
You didn't know any spells.
Your spell library contained the following spells:

 Spells                   Type           Power      Damage    Failure   Level
 Animate Skeleton         Necr           36%        N/A       10%         1
 Apportation              Tloc           36%        N/A       10%         1
 Pain                     Necr           72%        1d7       10%         1
 Summon Small Mammal      Summ           72%        N/A       10%         1
 Blink                    Tloc           N/A        N/A       14%         2
 Ensorcelled Hibernation  Hex/Ice        36%        N/A       14%         2
 Spider Form              Tmut/Pois      9%         N/A       28%         3
 Agony                    Necr           18%        N/A       95%         5
 Excruciating Wounds      Necr           9%         N/A       95%         5
 Manifold Assault         Tloc           18%        N/A       95%         5
 Storm Form               Tmut/Air       9%         N/A       100%        7


Dungeon Overview and Level Annotations

Branches:
Dungeon (9/15)             Temple (0/1) D:5            Lair (4/6) D:9
  Swamp (0/4) Lair:4       Spider (0/4) Lair:2          Orc (0/2) D:9
  Sewer (visited)

Altars:
Cheibriados
Dithmenos
Fedhas
Gozag
Hepliaklqana
Kikubaaqudgha
Makhleb
Nemelex Xobeh
Qazlal
Uskayaw
Vehumet
Wu Jian
Zin

Shops:
D:1 =   D:5 =?   D:6 [   D:7 *

Annotations:
D:9 2 transporters, Xplodonator's ghost, novice MiBe
Lair:6 corrupted, Sonja


Innate Abilities, Weirdness & Mutations

You have very sharp teeth.
Your uncanny sense of smell can sniff out nearby items.
Your experience applies equally to all skills.
You have a pair of small antennae on your head.
You are partially covered in iridescent scales. (AC +2)
You are clumsy. (Dex -2)
Your flesh is heat resistant. (rF+)
Potions are less effective at restoring your health.


Message History

Your blink frog looks as sick as possible!
The cane toad poisons your blink frog! The bullfrog hits your komodo dragon.
Your blink frog hits the cane toad!
Your komodo dragon bites the bullfrog!!
Unknown command.
You feel sick.
Sonja throws a curare-tipped dart.
The curare-tipped dart hits you.
You are more poisoned.
You have difficulty breathing.
* * * LOW HITPOINT WARNING * * *
You feel as though you will be slow longer.
The bullfrog hits your komodo dragon.
Your blink frog hits the elephant!
The elephant dies!
Lugonu accepts your kill.
Your water moccasin bites the bullfrog.
The bullfrog dies!
Lugonu accepts your kill.
Your blink frog closely misses the cane toad.
Your blink frog blinks!
The cane toad stings your blink frog!
Your blink frog looks as sick as possible!
The cane toad poisons your blink frog!
Sonja casts a spell.
Sonja blinks!
Your blink frog blinks!
Your blink frog hits the cane toad!
A starcursed mass splits.
Your blink frog writhes in pain as voices assail its mind.
The cane toad stings your blink frog!!
Your blink frog dies!
Your blink frog's corpse dissolves into shadows!
Your water moccasin bites the cane toad.
Your system partially rejects the healing.
You feel better.
A nearby plant withers and dies. x2
Your blink frog hits the cane toad but does no damage.
The cane toad closely misses your water moccasin.
Sonja gestures wildly while chanting.
Sonja blinks!
Your water moccasin barely misses the cane toad.
Your blink frog blinks!
The tyrant leech bites you!!
You die...

..... ###...?.. ######≈#......
####≈≈≈≈≈.#...$(.
#..#≈≈≈≈≈.#Y.....
.≈≈≈≈≈≈≈≈.F......
≈≈≈≈≈≈≈≈≈..........#..
.≈≈≈≈≈≈≈≈@≈.......#.. .#
≈≈≈≈≈≈≈≈w≈......F... ..#
≈.≈≈≈§≈≈≈≈≈≈≈.......#. ..#
.≈≈≈≈≈P≈≈Y.≈P..§....)####.#.#
≈≈≈≈P≈.≈#.lF.....#....#.###.
###≈≈≈≈..≈.SFP.X.#.#.....#...
##≈.≈≈≈≈;..≈§...X.............
#≈≈≈P..≈.≈.≈§P...#............
#≈≈≈≈P#.≈#............†.......


You could see an elephant, a tyrant leech, a yak, a cane toad (ally target), a
bullfrog, an electric eel, 2 neutral starcursed masses, a friendly komodo dragon
(summoned), 2 friendly blink frogs and a friendly water moccasin (summoned).

Vanquished Creatures
  Harold (D:9)
  4 hydras
  Erica (D:9)
  2 two-headed ogres (D:8)
  3 death yaks (Lair:3)
  Pikel (D:7)
  A bog body (Lair:4)
  An orb spider (Lair:2)
  A deep elf pyromancer (D:9)
  2 black mambas
  Joseph (D:8)
  12 cane toads
  Maggie (D:9)
  A torpor snail (Lair:6)
  4 komodo dragons
  The ghost of Heedrag the Chopper, an amateur HOFi (D:5)
  A polar bear (Lair:4)
  17 blink frogs
  A small abomination (Abyss:1)
  A wraith (D:9)
  2 spriggans
  39 yaks
  A wyvern (D:9)
  6 basilisks
  Menkaure (D:5)
  3 vampire mosquitoes (Lair:6)
  10 water moccasins
  Duvessa (D:5)
  4 ice beasts
  2 sky beasts (D:7)
  6 black bears
  A necrophage (D:7)
  A hornet zombie (D:9)
  5 wolves (Lair:3)
  A centaur (D:9)
  5 ogres
  A kobold brigand (D:7)
  9 bullfrogs
  A wyvern zombie (D:7)
  A scorpion (D:4)
  Dowan (D:5)
  A water moccasin skeleton (D:6)
  5 wights
  An electric eel (Lair:2)
  6 howler monkeys
  A bullfrog zombie (D:6)
  4 gnoll shamans
  2 orc priests (D:5)
  6 hounds
  2 jellies
  An orc wizard (D:7)
  7 hell rats (Lair:6)
  A killer bee zombie (D:8)
  A howler monkey zombie (D:7)
  9 adders
  12 gnolls
  5 river rats (Sewer)
  15 white imps
  3 ufetubi
  20 orcs
  7 bats
  10 endoplasms
  4 giant cockroaches
  7 goblins
  A hobgoblin (D:1)
  2 jackals (D:1)
  14 kobolds
  3 quokkas (D:4)
  14 ball pythons
  10 frilled lizards
  11 rats
  2 butterflies (Lair:2)
345 creatures vanquished.

Vanquished Creatures (collateral kills)
  An elephant (Lair:6)
  A bullfrog (Lair:6)
2 creatures vanquished.

Vanquished Creatures (others)
  An elephant (Lair:6)
  A black mamba (Lair:6)
  28 fungi
  87 plants
  2 starspawn tentacles (Lair:6)
119 creatures vanquished.

Grand Total: 466 creatures vanquished

Notes
Turn   | Place    | Note
-------+----------+-------------------------------------------
     0 | Abyss:1  | Gargoyl the Gnoll Abyssal Knight began the quest for the
                  | Orb.
     0 | Abyss:1  | Reached XP level 1. HP: 23/23 MP: 3/3
    51 | Abyss:1  | Found a hide-covered altar of Uskayaw.
    61 | Abyss:1  | Noticed a quasit
    62 | D:1      | Escaped the Abyss
   184 | D:1      | Reached * piety under Lugonu
   365 | D:1      | Found a faded altar of an unknown god.
   367 | D:1      | Reached XP level 2. HP: 29/29 MP: 5/5
   821 | D:1      | Found Adoext's Jewellery Emporium.
   932 | D:1      | Reached XP level 3. HP: 22/35 MP: 6/6
  1862 | D:2      | Reached skill level 1 in Short Blades
  1862 | D:2      | Reached skill level 1 in Long Blades
  1862 | D:2      | Reached skill level 1 in Maces & Flails
  1862 | D:2      | Reached skill level 1 in Polearms
  1862 | D:2      | Reached skill level 1 in Staves
  1862 | D:2      | Reached skill level 1 in Slings
  1862 | D:2      | Reached skill level 1 in Bows
  1862 | D:2      | Reached skill level 1 in Crossbows
  1862 | D:2      | Reached skill level 1 in Throwing
  1862 | D:2      | Reached skill level 1 in Stealth
  1862 | D:2      | Reached skill level 1 in Shields
  1862 | D:2      | Reached skill level 1 in Unarmed Combat
  1862 | D:2      | Reached skill level 1 in Spellcasting
  1862 | D:2      | Reached skill level 1 in Evocations
  1862 | D:2      | Reached XP level 4. HP: 29/41 MP: 7/7
  2253 | D:2      | Reached ** piety under Lugonu
  2254 | D:2      | Reached skill level 1 in Conjurations
  2254 | D:2      | Reached skill level 1 in Hexes
  2254 | D:2      | Reached skill level 1 in Summonings
  2254 | D:2      | Reached skill level 1 in Necromancy
  2254 | D:2      | Reached skill level 1 in Translocations
  2254 | D:2      | Reached skill level 1 in Transmutations
  2254 | D:2      | Reached skill level 1 in Fire Magic
  2254 | D:2      | Reached skill level 1 in Ice Magic
  2254 | D:2      | Reached skill level 1 in Air Magic
  2254 | D:2      | Reached skill level 1 in Earth Magic
  2254 | D:2      | Reached skill level 1 in Poison Magic
  3013 | D:3      | Found a hide-covered altar of Uskayaw.
  3440 | D:4      | Reached XP level 5. HP: 37/47 MP: 8/8
  3799 | D:4      | Found a glowing drain.
  3810 | D:4      | Noticed a black bear
  3820 | D:4      | Found a stormy altar of Qazlal.
  3833 | D:4      | Killed a black bear
  3834 | D:4      | Reached skill level 5 in Invocations
  3995 | Sewer    | Entered a sewer
  4010 | Sewer    | Reached XP level 6. HP: 51/53 MP: 9/9
  4446 | Sewer    | Reached *** piety under Lugonu
  4799 | D:4      | Reached skill level 5 in Axes
  4799 | D:4      | Reached skill level 5 in Armour
  4802 | D:4      | Found a snail-covered altar of Cheibriados.
  5871 | D:5      | Entered Level 5 of the Dungeon
  6231 | D:5      | Found Gauxerch's Magic Scroll Emporium.
  6265 | D:5      | Noticed a shadow
  6279 | D:5      | Reached XP level 7. HP: 59/59 MP: 10/10
  6288 | D:5      | Banished a shadow
  6520 | D:5      | Found a staircase to the Ecumenical Temple.
  6548 | D:5      | Noticed a yak
  6548 | D:5      | Noticed a yak
  6549 | D:5      | Noticed a yak
  6552 | D:5      | Noticed a yak
  6555 | D:5      | Noticed a yak
  6557 | D:5      | Noticed a yak
  6561 | D:5      | Killed a yak
  6709 | D:4      | Killed a yak
  6710 | D:4      | Reached XP level 8. HP: 23/67 MP: 12/12
  6737 | D:4      | Killed a yak
  6983 | D:5      | Killed a yak
  7037 | D:5      | Killed a yak
  7095 | D:5      | Killed a yak
  7814 | D:5      | Found Tukyryo's Jewellery Shoppe.
  7904 | D:5      | Reached XP level 9. HP: 72/72 MP: 14/14
  7928 | D:5      | Noticed Duvessa
  7933 | D:5      | Noticed Dowan
  7947 | D:5      | Killed Duvessa
  7950 | D:5      | Killed Dowan
  8279 | D:5      | Noticed Menkaure
  8453 | D:5      | Killed Menkaure
  8836 | D:5      | Found a radiant altar of Vehumet.
  9231 | D:6      | Noticed Heedrag's ghost (amateur HOFi)
  9231 | D:6      | Found a runed translucent gate.
  9231 | D:6      | Found a runed translucent gate.
  9429 | D:6      | Found Jiudd's Antique Armour Boutique.
  9500 | D:5      | Reached skill level 5 in Dodging
  9724 | D:5      | HP: 2/74 [gnoll (5)]
 10152 | D:6      | Bought a glowing helmet for 195 gold pieces
 10425 | D:6      | Found a runed translucent gate.
 10460 | D:5      | Killed Heedrag's ghost
 11098 | D:7      | Gained mutation: Your body sometimes deteriorates upon
                  | taking damage. [potion of mutation]
 11099 | D:7      | Lost mutation: Your body sometimes deteriorates upon taking
                  | damage. [potion of mutation]
 11099 | D:7      | Gained mutation: You are partially covered in iridescent
                  | scales. (AC +2) [potion of mutation]
 11099 | D:7      | Gained mutation: Your flesh is heat resistant. (rF+)
                  | [potion of mutation]
 11099 | D:7      | Gained mutation: You have hidden genetic defects. [potion
                  | of mutation]
 11099 | D:7      | Gained mutation: You have a pair of small antennae on your
                  | head. [potion of mutation]
 11234 | D:7      | Found a sparkling altar of Nemelex Xobeh.
 11329 | D:7      | Reached XP level 10. HP: 51/80 MP: 17/17
 11410 | D:7      | Reached **** piety under Lugonu
 11418 | D:7      | Gained mutation: Potions are less effective at restoring
                  | your health. [hidden defects]
 11508 | D:7      | Found an ornate altar of the Wu Jian Council.
 11508 | D:7      | Found an opulent altar of Gozag.
 11508 | D:7      | Found an ancient bone altar of Kikubaaqudgha.
 11508 | D:7      | Found a blossoming altar of Fedhas.
 11656 | D:7      | Reached skill level 5 in Short Blades
 11656 | D:7      | Reached skill level 5 in Long Blades
 11656 | D:7      | Reached skill level 5 in Maces & Flails
 11656 | D:7      | Reached skill level 5 in Polearms
 11656 | D:7      | Reached skill level 5 in Staves
 11656 | D:7      | Reached skill level 5 in Slings
 11656 | D:7      | Reached skill level 5 in Bows
 11656 | D:7      | Reached skill level 5 in Crossbows
 11656 | D:7      | Reached skill level 5 in Throwing
 11656 | D:7      | Reached skill level 5 in Stealth
 11656 | D:7      | Reached skill level 5 in Shields
 11656 | D:7      | Reached skill level 5 in Unarmed Combat
 11656 | D:7      | Reached skill level 5 in Spellcasting
 11656 | D:7      | Reached skill level 5 in Evocations
 11889 | D:7      | Found Tepsein's Serpentskin Sales.
 12185 | D:7      | Found a burning altar of Makhleb.
 12341 | D:7      | Noticed Pikel
 12773 | D:7      | Gained mutation: You are clumsy. (Dex -2) [hidden defects]
 12773 | D:7      | Lost mutation: You have hidden genetic defects. [hidden
                  | defects expressed]
 12899 | D:7      | Killed Pikel
 13457 | D:8      | Noticed a two-headed ogre
 13457 | D:8      | Noticed a two-headed ogre
 13470 | D:8      | Killed a two-headed ogre
 13474 | D:8      | Killed a two-headed ogre
 13494 | D:8      | Found the +7 pair of quick blades "Gyre" and "Gimble"
                  | {protect}
 13795 | D:8      | Reached XP level 11. HP: 86/87 MP: 19/19
 13879 | D:8      | Noticed Joseph
 13904 | D:8      | Killed Joseph
 14066 | D:8      | Found a shadowy altar of Dithmenos.
 14162 | D:8      | Reached skill level 5 in Conjurations
 14162 | D:8      | Reached skill level 5 in Hexes
 14162 | D:8      | Reached skill level 5 in Summonings
 14162 | D:8      | Reached skill level 5 in Necromancy
 14162 | D:8      | Reached skill level 5 in Translocations
 14162 | D:8      | Reached skill level 5 in Transmutations
 14162 | D:8      | Reached skill level 5 in Fire Magic
 14162 | D:8      | Reached skill level 5 in Ice Magic
 14162 | D:8      | Reached skill level 5 in Air Magic
 14162 | D:8      | Reached skill level 5 in Earth Magic
 14162 | D:8      | Reached skill level 5 in Poison Magic
 14335 | D:8      | Found a glowing silver altar of Zin.
 14500 | D:9      | Found a staircase to the Lair.
 14505 | D:9      | Noticed Erica
 14517 | D:9      | Killed Erica
 14557 | D:9      | Found a transporter.
 14558 | D:9      | Noticed a death knight
 14560 | D:9      | Noticed Maggie
 14579 | D:9      | Killed Maggie
 14670 | D:9      | Found a transporter.
 14697 | D:9      | Noticed Xplodonator's ghost (novice MiBe)
 14812 | D:9      | Found a hazy altar of Hepliaklqana.
 14845 | D:9      | Found a staircase to the Orcish Mines.
 15233 | D:9      | Noticed a deep elf pyromancer
 15247 | D:9      | Killed a deep elf pyromancer
 15434 | D:9      | Noticed Harold
 15449 | D:9      | Killed Harold
 15574 | Lair:1   | Entered Level 1 of the Lair of Beasts
 15858 | Lair:1   | Identified the +3 leather armour of Mental Paralysis {rF-
                  | rN+ Will+ Stlth+}
 16113 | Lair:1   | Reached XP level 12. HP: 94/96 MP: 22/22
 16528 | Lair:2   | Found a frozen archway.
 16559 | Lair:2   | Reached ***** piety under Lugonu
 17027 | Lair:2   | Found a hole to the Spider Nest.
 17398 | Lair:2   | Identified the +1 pair of boots of the Turtle {MP+9 Int+4}
 18119 | Lair:3   | Noticed a five-headed hydra
 18134 | Lair:3   | Killed a five-headed hydra
 18385 | Lair:3   | Noticed a four-headed hydra
 18394 | Lair:3   | Killed a four-headed hydra
 18395 | Lair:3   | Reached skill level 10 in Fighting
 19042 | Lair:4   | Noticed a death yak
 19055 | Lair:4   | Noticed a death yak
 19056 | Lair:4   | Noticed a death yak
 19079 | Lair:3   | Killed a death yak
 19278 | Lair:3   | Killed a death yak
 19303 | Lair:3   | Killed a death yak
 19654 | Lair:4   | Reached XP level 13. HP: 92/103 MP: 24/24
 19762 | Lair:4   | Found a staircase to the Swamp.
 19858 | Lair:4   | Reached skill level 10 in Invocations
 20086 | Lair:4   | You fall into a shaft and drop 2 floors!
 20086 | Lair:6   | Entered Level 6 of the Lair of Beasts
 20401 | Lair:6   | Identified the ring "Keuleqo" {Ice MP-9 Str+5 Stlth+}
 20834 | Lair:6   | Identified a scroll of acquirement
 20834 | Lair:6   | Acquired a +0 buckler of reflection
 21076 | Lair:6   | Noticed Sonja
 21085 | Lair:6   | Corrupted Lair:6
 21085 | Lair:6   | Noticed a tentacled starspawn
 21085 | Lair:6   | Noticed a deep elf sorcerer
 21088 | Lair:6   | Noticed a lich
 21088 | Lair:6   | Noticed a lich
 21119 | Abyss:1  | Noticed a tentacled starspawn
 21119 | Abyss:1  | Banished a tentacled starspawn
 21230 | Abyss:1  | Noticed a tentacled starspawn
 21231 | Lair:6   | Escaped the Abyss
 21237 | Lair:6   | Noticed a starcursed mass
 21238 | Lair:6   | Slain by a tyrant leech

Illustrated notes

Levels and vault maps discovered:
D:1:      sevenhm_arrival_forest_fort_large_1, layout_loops_corners,
          hellmonk_ecumenical_altar_pennies_from_heaven, serial_shops, shop
D:2:      layout_basic, patterned_corridor
D:3:      layout_loops_corners, lemuel_crystal_altar,
          kennysheep_decorative_pillar, grunt_ministairs_8
D:4:      layout_basic, nicolae_qazlal_scattered_showers,
          mainiacjoe_overflow_catwalk, cheibrodos_sewer_entry_sluice,
          nrook_uturn
D:5:      cheibrodos_quashed, layout_basic, mainiacjoe_overflow_alcove_4,
          temple_hall_moat, serial_shops, shop_coins, shop, chequers_big_river,
          hangedman_abyss_or_decor_stagger, minivault_27, corexii_checkpoint_b,
          kennysheep_generic_room_7, uniq_menkaure, uniq_duvessa
D:6:      layout_rooms, serial_shops, nicolae_diamond_shop,
          gammafunk_ghost_split, minmay_misc_feat_diagonals
D:7:      minmay_polygon_palace, layout_basic, mainiacjoe_overflow_paths,
          nicolae_overflow_hidden_temple, grunt_temple_overflow_cloverleaf,
          grunt_ogre_cave, guppyfry_shop_venom, uniq_pikel
D:8:      layout_basic, zin_academy, lemuel_doored_altar, serial_glass,
          glass_columns_a, glass_columns_a,
          hellmonk_guarded_unrand_gyre_and_gimble, uniq_joseph
D:9:      layout_basic, nicolae_hepliaklqana_hippocampus, orc_0_dummy,
          gammafunk_ghost_mausoleum, the_hattery, uniq_maggie, uniq_erica,
          uniq_harold
Lair:1:   layout_cave_shapes, chequers_serial_rivers_room_a, grunt_megastairs_2
Lair:2:   layout_gridlike, nicolae_spider_entry_orb_guardian,
          portal_ice_cave_entry_imps, beast_lair_carwin_2, lemuel_fruit_fields,
          serial_bayou_shore_a
Lair:3:   layout_cave_pods
Lair:4:   layout_small_grid, skrybe_swamp_entry_bodies
Lair:6:   minmay_lair_end_frog_pond, layout_regular_city, nzn_sisyphean_effort,
          uniq_sonja

Skill      XL: |  1  2  3  4  5  6  7  8  9 10 11 12 13 |
---------------+----------------------------------------+-----
Short Blades   | 1 2 3 4 5 6 7 8 |  8.5
Long Blades    | 1 2 3 4 5 6 7 8 |  8.5
Maces & Flails | 1 2 3 4 5 6 7 8 |  8.5
Polearms       | 1 2 3 4 5 6 7 8 |  8.5
Staves         | 1 2 3 4 5 6 7 8 |  8.5
Slings         | 1 2 3 4 5 6 7 8 |  8.5
Bows           | 1 2 3 4 5 6 7 8 |  8.5
Crossbows      | 1 2 3 4 5 6 7 8 |  8.5
Throwing       | 1 2 3 4 5 6 7 8 |  8.5
Stealth        | 1 2 3 4 5 6 7 8 |  8.5
Shields        | 1 2 3 4 5 6 7 8 |  8.5
Unarmed Combat | 1 2 3 4 5 6 7 8 |  8.5
Spellcasting   | 1 2 3 4 5 6 7 8 |  8.5
Evocations     | 1 2 3 4 5 6 7 8 |  8.5
Conjurations   | 1 2 3 4 5 6 7 |  7.1
Hexes          | 1 2 3 4 5 6 7 |  7.1
Summonings     | 1 2 3 4 5 6 7 |  7.1
Necromancy     | 1 2 3 4 5 6 7 |  7.1
Translocations | 1 2 3 4 5 6 7 |  7.1
Transmutations | 1 2 3 4 5 6 7 |  7.1
Fire Magic     | 1 2 3 4 5 6 7 |  7.1
Ice Magic      | 1 2 3 4 5 6 7 |  7.1
Air Magic      | 1 2 3 4 5 6 7 |  7.1
Earth Magic    | 1 2 3 4 5 6 7 |  7.1
Poison Magic   | 1 2 3 4 5 6 7 |  7.1
Dodging        | 3 4 5 6 7 8 9 |  9.0
Invocations    | 5 6 7 8 9 10 | 10.4
Axes           | 5 6 7 8 9 |  9.7
Armour         | 5 6 7 8 9 |  9.7
Fighting       | 7 8 9 10 | 10.8

Action                   |  1- 3 |  4- 6 |  7- 9 | 10-12 | 13-15 || total
-------------------------+-------+-------+-------+-------+-------++-------
Melee: Hand axe          |    87 |   249 |   167 |    21 |       ||   524
       Bite              |     3 |    17 |    29 |    82 |    35 ||   166
       Punch             |       |     2 |     2 |     2 |       ||     6
       Halberd           |       |       |    86 |   173 |       ||   259
       Falchion          |       |       |       |    63 |       ||    63
       Pair of quick bla |       |       |       |   536 |   295 ||   831
       Scimitar          |       |       |       |       |     7 ||     7
Throw: Dart              |       |    10 |    67 |     9 |     5 ||    91
Invok: Depart the Abyss  |     1 |       |       |       |     1 ||     2
       Banish            |       |       |     4 |       |     3 ||     7
       Bend Space        |       |       |       |     1 |     1 ||     2
       Corrupt           |       |       |       |       |     1 ||     1
       Enter the Abyss   |       |       |       |       |     1 ||     1
  Use: Scroll            |     3 |     2 |    13 |     6 |     3 ||    27
       Potion            |     1 |     4 |    12 |       |     2 ||    19
 Stab: Sleeping          |     1 |     9 |       |       |       ||    10
Armor: Leather armour    |    19 |    86 |    51 |       |       ||   156
       Skin              |       |    29 |       |       |       ||    29
       Chain mail        |       |       |   120 |   384 |   111 ||   615
Dodge: Dodged            |    69 |   160 |   168 |   224 |    72 ||   693
Block: Other             |       |       |       |    40 |    21 ||    61

Table legend: (Time is in decaauts)
 A = Elapsed time spent in this place.
 B = Non-inter-level travel time spent in this place.
 C = Inter-level travel time spent in this place.
 D = Time resting spent in this place.
 E = Time spent auto-exploring this place.
 F = Levels seen in this place.
 G = Mean time per level.
                   A        B        C        D        E       F      G
               +--------+--------+--------+--------+--------+-----+--------+
         Total |  20862 |  20070 |    792 |   3875 |  12377 |  17 | 1227.2 |
       Dungeon |  14907 |  14187 |    720 |   2929 |   8670 |   9 | 1656.3 |
          Lair |   4903 |   4832 |     71 |    612 |   3291 |   5 |  980.6 |
         Abyss |    202 |    202 |      0 |    121 |     44 |   2 |  101.0 |
         Sewer |    848 |    848 |      0 |    213 |    371 |   1 |  848.0 |
               +--------+--------+--------+--------+--------+-----+--------+

Top non-repeatable levels by time:
     D:5: 3925 daAuts
     D:7: 2375 daAuts
     D:4: 2243 daAuts
  Lair:3: 1584 daAuts
     D:1: 1257 daAuts
     D:8: 1233 daAuts
  Lair:2: 1208 daAuts
     D:3: 1174 daAuts
     D:2: 1095 daAuts
     D:9: 1013 daAuts
  Lair:6: 867 daAuts
   Sewer: 848 daAuts
  Lair:1: 707 daAuts
     D:6: 589 daAuts
  Lair:4: 535 daAuts
